 Dungeon Crawl Stone Soup version 0.17-a0-1446-gc28613e (webtiles) character file.

184 wvc the Poker (level 5, 0/33 HPs)
             Began as an Octopode Wanderer on June 28, 2015.
             Killed from afar by Natasha (5 damage)
             ... with a magic dart
             ... on level 2 of the Dungeon.
             The game lasted 00:06:52 (2795 turns).

wvc the Poker (Octopode Wanderer)                   Turns: 2795, Time: 00:06:52

Health: 0/33       AC:  1    Str:  9    XL:     5   Next: 64%
Magic:  8/8        EV:  9    Int: 23    God:
Gold:   99         SH:  7    Dex: 17    Spells: 0 memorised, 8 levels left

rFire  . . .     SeeInvis .     b - +1 spear
rCold  . . .     Clarity  .     a - +0 shield
rNeg   . . .     SustAt   +     (helmet restricted)
rPois  +         Gourm    .     (no amulet)
rElec  .         Spirit   .     g - ring of sustain attributes
rCorr  .         Warding  .     m - +3 ring of dexterity
rMut   .         Stasis   .     p - +6 ring of intelligence
MR     .....                    k - ring of poison resistance
Stlth  +++.......               (no ring)
                                (no ring)
                                (no ring)
                                (no ring)

@: not resistant to hostile enchantments, fairly stealthy
A: almost no armour, amphibious, 8 rings, constrict 8, camouflage 1, agile 1,
deterioration 1, gelatinous body 1
a: no special abilities


You were on level 2 of the Dungeon.
You were not hungry.

You visited 1 branch of the dungeon, and saw 3 of its levels.

You collected 99 gold pieces.

Inventory:

Hand weapons
 b - a +1 spear (weapon)
 d - a +0 dagger
 l - a cursed -3 dagger
Missiles
 o - 8 poisoned needles
Armour
 a - a +0 shield (worn)
Jewellery
 g - a ring of sustain attributes (left tentacle)
 k - a ring of poison resistance (on tentacle)
 m - a +3 ring of dexterity (right tentacle)
 p - a +6 ring of intelligence (on tentacle)
Magical devices
 r - a wand of magic darts (28)
Scrolls
 c - 5 scrolls of teleportation
 e - 2 scrolls of remove curse
 h - a scroll of identify
 i - a scroll of amnesia {unknown}
 j - a scroll of fear
Potions
 n - 2 potions of brilliance {unknown}
 q - a potion of might
Comestibles
 f - 2 meat rations


   Skills:
 - Level 1.0 Fighting
 + Level 5.2 Polearms
 - Level 1.0 Dodging
 - Level 2.6 Stealth
 - Level 1.0 Shields
 - Level 2.0 Spellcasting
   Level 2.0 Summonings
   Level 1.0 Transmutations


You had 8 spell levels left.
You didn't know any spells.

Dungeon Overview and Level Annotations

Branches:
Dungeon (3/15)

Altars:

Annotations:
D:2 Natasha
D:3 Grinder


Innate Abilities, Weirdness & Mutations

You cannot wear most types of armour.
You are amphibious.
You can wear up to eight rings at the same time.
You can use your tentacles to constrict eight enemies at once.
Your skin changes colour to match your surroundings (Stealth).
Your rubbery body absorbs attacks (AC +1).
You are agile. (Dex +2)
Your body sometimes deteriorates upon taking damage.


Message History

You are too injured to fight recklessly!
You release your grip on Grinder.
The bat hits you but does no damage. Grinder closely misses you.
There is a stone staircase leading up here.
The bat hits you.
* * * LOW HITPOINT WARNING * * *
Grinder gestures.
Grinder blinks!
There is a stone staircase leading up here.
Unknown command.
The bat barely misses you. The bat hits you but does no damage.
Natasha mumbles some strange words.
You climb upwards.
There is a stone staircase leading down here.
You hit Natasha. Your grab misses Natasha.
Natasha is heavily wounded.
The bat hits you but does no damage.
Natasha stares at you and mumbles some strange words.
The magic dart hits you!
You die...

#......# ##.#.............#
#..###.# #.#########.#####
#....#.# #.# #........# ##.#.#.#
##'## #.##.###.# #.....###...##
#.##.# #.# ####.####.....##
#.##.###.#
##.##.###.......###.##..##.#
######...#.##....h....##.........
...........['..b@.....'.....#.###
######.....##.........###..###.##
##..#####.......## #.#.#.### ##.#
##.....## #.......( #.# ##...##
#####.### #.# ##'## #.# #.# #.#
#.# #.# #.# #.# ##.## ##.## #.#


You could see Natasha and a bat.

Vanquished Creatures
  A jelly (D:3)
  Ijyb (D:3)
  Jessica (D:2)
  2 adders (D:2)
  2 worms (D:2)
  2 giant geckos
  An orc (D:2)
  A ball python (D:1)
  2 giant cockroaches
  11 hobgoblins
  9 jackals
  2 quokkas (D:3)
  7 bats
  5 giant newts
  9 goblins
  7 kobolds
  12 rats
75 creatures vanquished.

Notes
Turn   | Place    | Note
--------------------------------------------------------------
     0 | D:1      | wvc the Octopode Wanderer began the quest for the Orb.
     0 | D:1      | wvc set off with: a +0 shield, a +0 spear, a scroll of teleportation, a +0 dagger, a bread ration
     0 | D:1      | Reached XP level 1. HP: 13/13 MP: 3/3
    97 | D:1      | Reached skill level 1 in Polearms
   303 | D:1      | Reached XP level 2. HP: 15/18 MP: 5/5
   952 | D:1      | Reached XP level 3. HP: 20/23 MP: 6/6
  1082 | D:2      | Noticed Jessica
  1096 | D:2      | Killed Jessica
  1096 | D:2      | Reached skill level 3 in Polearms
  1378 | D:2      | Reached XP level 4. HP: 28/28 MP: 7/7
  2049 | D:2      | Reached skill level 4 in Polearms
  2220 | D:3      | Gained mutation: You are agile. (Dex +2) [potion of mutation]
  2220 | D:3      | Gained mutation: Your body sometimes deteriorates upon taking damage. [potion of mutation]
  2237 | D:3      | HP: 1/28 [orc (4)]
  2461 | D:3      | Reached XP level 5. HP: 29/33 MP: 8/8
  2768 | D:3      | Noticed Ijyb
  2769 | D:3      | Noticed Grinder
  2784 | D:3      | Killed Ijyb
  2784 | D:3      | Reached skill level 5 in Polearms
  2786 | D:3      | Noticed Natasha
  2795 | D:2      | Killed from afar by Natasha

Vault maps used:
D:1:      lightli_iron_boxes
D:2:      uniq_jessica
D:3:      lightli_sewer_entry_pipes, minmay_crystal_room, uniq_grinder,
          uniq_iyjb, uniq_terence, uniq_natasha

Action                   |  1- 3 |  4- 6 || total
-------------------------+-------+-------++-------
Melee: Spear             |    83 |   141 ||   224
  Use: Scroll            |       |     7 ||     7
       Potion            |       |     4 ||     4
 Stab: Sleeping          |     6 |     7 ||    13
       Distracted        |       |     1 ||     1
  Eat: Chunk             |     1 |     2 ||     3
       Bread ration      |       |     1 ||     1
